 Dungeon Crawl Stone Soup version 0.18.1-5-g4a78601 (webtiles) character file.

8612 epen the Envoy of Void (level 11, -23/86 HPs)
             Began as a Demonspawn Abyssal Knight on May 12, 2016.
             Was a High Priest of Lugonu.
             Killed by the air
             ... invoked by Gastronok
              (27 damage)
             ... on level 1 of the Lair of Beasts.
             The game lasted 00:31:07 (12221 turns).

epen the Envoy of Void (Demonspawn Abyssal Knight) Turns: 12221, Time: 00:31:07

Health: -23/86     AC: 22    Str: 21    XL:     11   Next: 12%
Magic:  19/19      EV:  9    Int: 15    God:    Lugonu [*****.]
Gold:   302        SH:  0    Dex: 13    Spells: 1 memorised, 10 levels left

rFire  + . .     SeeInvis .     U - +2 scimitar (freeze)
rCold  . . .     Gourm    .     N - +0 plate armour
rNeg   . . .     Faith    .     (no shield)
rPois  .         Spirit   .     D - +2 helmet
rElec  .         Dismiss  .     f - +1 cloak
rCorr  .         Reflect  .     F - +2 pair of gloves "Hunatar" {Str+2}
SustAt .         Harm     .     (boots unavailable)
MR     .....                    (no amulet)
Stlth  ..........               (no ring)
                                M - +3 ring of strength

@: lethally poisoned (-23 -> -23), slowed, very slow, not resistant to hostile
enchantments, extremely unstealthy
A: talons 3, rugged brown scales 1, clever 1, fire resistance 1, powered by
death 2, regeneration 1, flame cloud immunity
a: Depart the Abyss, Bend Space, Banish, Corrupt, Enter the Abyss, Renounce
Religion


You were on level 1 of the Lair of Beasts.
You worshipped Lugonu.
Lugonu was extremely pleased with you.
You were not hungry.

You visited 2 branches of the dungeon, and saw 12 of its levels.
You visited the Abyss 1 time.
You also visited: Sewer.

You collected 596 gold pieces.
You spent 294 gold pieces at shops.

Inventory:

Hand Weapons
 a - a +1 falchion
 i - a +4 short sword of flaming
 s - the +3 falchion "Worm's Wrath" {pain, MP+9 Dex+3 Stlth+}
   (You found it on level 7 of the Dungeon)

   In the hands of one skilled in necromantic magic, it inflicts extra damage on
   living creatures.
   It affects your dexterity (+3).
   It affects your magic capacity (+9).
   It makes you more stealthy.
 G - a +1 long sword of protection
 U - a +2 scimitar of freezing (weapon)
Armour
 b - a +0 leather armour
 d - a +0 chain mail
 f - a +1 cloak (worn)
 m - a +0 scale mail
 o - a +0 robe
 B - a steam dragon hide
 D - a +2 helmet (worn)
 F - the +2 pair of gloves "Hunatar" (worn) {Str+2}
   (You found it on level 5 of the Dungeon)

   It affects your strength (+2).
 N - a +0 plate armour (worn)
 Y - a +0 buckler
Magical Staves
 J - an uncursed staff of conjuration
Jewellery
 M - a +3 ring of strength (left hand)
Wands
 v - a wand of disintegration (23/24)
 Q - a wand of teleportation (4/9)
Scrolls
 e - 4 scrolls of amnesia
 h - 3 scrolls of magic mapping
 j - 2 scrolls of teleportation
 y - a scroll of immolation
 z - 2 scrolls of recharging
 A - 2 scrolls of fog
 C - 5 scrolls of remove curse
 V - a scroll of fear
 W - a scroll of blinking
Potions
 k - 3 potions of flight
 l - 2 potions of agility
 n - a potion of mutation {unknown}
 p - 8 potions of heal wounds
 q - 5 potions of might
 r - 4 potions of curing
 t - a potion of cancellation {unknown}
 w - 2 potions of ambrosia {unknown}
 E - a potion of haste {unknown}
 I - a potion of brilliance {unknown}
 O - a potion of resistance
 T - a potion of magic {unknown}
Books
 P - a book of Summonings

   Spells                             Type                      Level
   a - Recall                         Summoning/Translocation      3
   b - Aura of Abjuration             Summoning                    5
   c - Summon Demon                   Summoning                    5
   d - Summon Forest                  Summoning/Translocation      5
   e - Summon Mana Viper              Hexes/Summoning              5
   f - Shadow Creatures               Summoning                    6
 R - a book of the Dragon

   Spells                             Type                      Level
   a - Flame Tongue                   Conjuration/Fire             1
   b - Cause Fear                     Hexes                        4
   c - Bolt of Fire                   Conjuration/Fire             6
   d - Dragon Form                    Transmutation                7
   e - Dragon's Call                  Summoning                    9
 S - a book of Air

   Spells                             Type                      Level
   a - Shock                          Conjuration/Air              1
   b - Swiftness                      Charms/Air                   2
   c - Repel Missiles                 Charms/Air                   2
   d - Static Discharge               Conjuration/Air              3
   e - Lightning Bolt                 Conjuration/Air              5
Miscellaneous
 H - a phial of floods
 L - a sack of spiders
Comestibles
 c - 10 bread rations
 g - 2 beef jerkies
 u - 3 fruits
 x - 8 meat rations
 K - 2 slices of pizza
 X - 3 chunks of flesh


   Skills:
 + Level 7.1 Fighting
 * Level 8.7 Long Blades
 * Level 6.5 Armour
 + Level 5.8 Dodging
 + Level 1.4 Spellcasting
 * Level 2.1 Air Magic
 + Level 11.3 Invocations


You had 10 spell levels left.
You knew the following spells:

 Your Spells              Type           Power        Failure   Level  Hunger
a - Repel Missiles        Chrm/Air       #.....       100%        2    ###....


Dungeon Overview and Level Annotations

Branches:
Dungeon (10/15)            Temple (0/1) D:5            Lair (2/8) D:10
    Orc (0/2) D:10

Altars:
Dithmenos
Elyvilon
Gozag
Makhleb
Sif Muna
Trog
Vehumet
Xom
Zin

Shops:
D:4 %   D:6 }   D:9 **(

Annotations:
D:4 Menkaure
D:10 corrupted
Lair:1 Gastronok
Abyss:1 Edmund


Innate Abilities, Weirdness & Mutations

You have claws for feet.
You are partially covered in rugged brown scales (AC +1, +3% HP).
Your flesh is heat resistant.
You regenerate health from kills.
You are immune to clouds of flame.
Your mind is acute. (Int +2)
Your natural rate of healing is unusually fast.


Message History

You feel less regenerative.
You feel sick.
You hit Gastronok. You freeze Gastronok.
Gastronok is heavily wounded.
You feel sick.
Gastronok waves his eye-stalks in wide circles.
The air twists around and strikes you!
You slash Gastronok! You freeze Gastronok!
Gastronok is severely wounded.
You feel sick. Gastronok bites you!!
* * * LOW HITPOINT WARNING * * *
You are too injured to fight recklessly!
You are too injured to fight recklessly!
Press: ? - help, Shift-Dir - straight line, f - Gastronok
Aim: Gastronok, wearing a glowing hat (severely wounded, chance to defeat MR: 13%)
Okay, then.
You feel sick.
Gastronok waves his eye-stalks in wide circles.
The air twists around and strikes you!
You die...

≈≈....................#..#
≈≈<..###..............##...#
≈≈...#
#..............##....P
≈≈≈.##
#...............###P..
≈≈≈..#
#.............†..####.
≈≈≈.## #.................#
≈≈≈.# #..............#...#
....# #..............##...#
....# #........@.....P##....
....# ..............## #...
....# ......w?......# #..
(.... ..............# ..
...## #............##
.#..........## ##.......###
#########


You could see Gastronok.

Vanquished Creatures
  A hill giant (D:10)
  Pikel (D:4)
  A cyclops (D:10)
  A troll (D:10)
  3 blink frogs (Lair:1)
  3 yaks (D:9)
  Eustachio (D:5)
  A steam dragon (D:7)
  A hippogriff (D:7)
  A basilisk (Lair:2)
  3 water moccasins
  4 orc warriors
  2 ice beasts
  A sky beast (D:10)
  A wasp (D:10)
  2 phantoms
  A necrophage (D:7)
  A centaur (D:6)
  3 ogres
  A wolf (D:10)
  A crocodile (Lair:1)
  3 big kobolds (Sewer)
  The ghost of Mefis the Magician, an amateur DEWz (D:3)
  Blork the orc (D:5)
  5 giant frogs
  A wyvern zombie (D:8)
  6 scorpions
  A wyvern skeleton (D:8)
  A howler monkey (D:4)
  2 vampire bats (Lair:2)
  2 crimson imps (D:7)
  A wasp zombie (D:10)
  5 hounds
  3 jellies
  2 orc priests
  A giant frog skeleton (D:4)
  2 iguanas
  A centaur skeleton (D:8)
  6 orc wizards
  7 worker ants
  A killer bee zombie (D:10)
  6 sheep (Lair:2)
  2 hound zombies
  A hound skeleton (D:8)
  4 gnolls (D:9)
  17 adders
  8 river rats
  2 shadow imps
  3 adder skeletons
  4 worms
  A dart slug (D:3)
  3 giant geckos
  24 orcs
  16 bats
  8 giant cockroaches
  7 goblins
  6 hobgoblins
  6 jackals
  4 quokkas
  10 ball pythons
  2 giant gecko skeletons (D:7)
  A giant gecko zombie (D:7)
  9 giant newts
  20 kobolds
  31 rats
281 creatures vanquished.

Vanquished Creatures (others)
  A tengu warrior (D:10)
  A hill giant (D:10)
  Grum (D:10)
  A black bear (D:8)
  2 orc warriors (D:8)
  3 wolves (D:10)
  An orc wizard (D:6)
  A quokka (D:5)
11 creatures vanquished.

Grand Total: 292 creatures vanquished

Notes
Turn   | Place    | Note
--------------------------------------------------------------
     0 | Abyss:1  | epen the Demonspawn Abyssal Knight began the quest for the Orb.
     0 | Abyss:1  | Reached XP level 1. HP: 18/18 MP: 2/2
    64 | Abyss:1  | Noticed a tormentor
    64 | Abyss:1  | Noticed a raiju
    64 | D:1      | Escaped the Abyss
   105 | D:1      | Reached skill level 1 in Dodging
   169 | D:1      | Reached * piety under Lugonu
   248 | D:1      | Gained mutation: You have sharp toenails. [demonic ancestry]
   248 | D:1      | Reached XP level 2. HP: 24/24 MP: 4/4
   343 | D:1      | Reached skill level 3 in Invocations
   981 | D:2      | Reached XP level 3. HP: 29/29 MP: 5/5
  1069 | D:2      | Reached ** piety under Lugonu
  1265 | D:2      | Reached XP level 4. HP: 27/35 MP: 6/6
  1941 | D:3      | Reached skill level 4 in Invocations
  2193 | D:3      | Noticed Mefis's ghost (amateur DEWz)
  2209 | D:3      | Killed Mefis's ghost
  2209 | D:3      | Gained mutation: You have razor-sharp toenails. [demonic ancestry]
  2209 | D:3      | Reached XP level 5. HP: 20/41 MP: 8/8
  3103 | D:4      | Reached *** piety under Lugonu
  3130 | D:4      | Gained mutation: Your flesh is heat resistant. [demonic ancestry]
  3130 | D:4      | Reached XP level 6. HP: 47/47 MP: 9/9
  3235 | D:4      | Reached skill level 5 in Invocations
  3427 | D:4      | Found Sostayqu's Food Boutique.
  3432 | D:4      | Noticed Edmund
  3479 | D:4      | Banished Edmund
  3942 | D:5      | Entered Level 5 of the Dungeon
  3971 | D:5      | Found a shimmering altar of Xom.
  3972 | D:5      | Found a shimmering altar of Xom.
  3972 | D:5      | Found a shimmering altar of Xom.
  3975 | D:5      | Found a shimmering altar of Xom.
  3984 | D:5      | Found a shimmering altar of Xom.
  4088 | D:5      | Got a pair of steaming gloves
  4094 | D:5      | Identified the +2 pair of gloves "Hunatar" {Str+2} (You found it on level 5 of the Dungeon)
  4125 | D:5      | Reached skill level 6 in Invocations
  4125 | D:5      | Gained mutation: You are immune to clouds of flame. [demonic ancestry]
  4125 | D:5      | Reached XP level 7. HP: 51/53 MP: 11/11
  4251 | D:5      | Noticed Pikel
  4618 | D:5      | Noticed Menkaure
  5139 | D:4      | Killed Pikel
  5139 | D:4      | Reached skill level 7 in Invocations
  5139 | D:4      | Gained mutation: You are partially covered in rugged brown scales (AC +1, +3% HP). [demonic ancestry]
  5139 | D:4      | Reached XP level 8. HP: 48/62 MP: 11/13
  5145 | D:5      | Noticed Eustachio
  5174 | D:5      | Noticed Blork the orc
  5176 | D:5      | Killed Eustachio
  5176 | D:5      | Reached skill level 5 in Long Blades
  5204 | D:5      | Killed Blork the orc
  5659 | D:5      | Found a staircase to the Ecumenical Temple.
  5875 | D:6      | Reached skill level 8 in Invocations
  5914 | D:6      | Found a glowing drain.
  5933 | Sewer    | Entered a sewer
  6115 | Sewer    | Reached skill level 5 in Fighting
  6229 | Sewer    | Reached **** piety under Lugonu
  6658 | D:6      | Found a radiant altar of Vehumet.
  6678 | D:6      | Found Xotukhlaa's Gadget Shoppe.
  6713 | D:6      | Bought a sack of spiders for 240 gold pieces
  6778 | D:6      | Reached XP level 9. HP: 69/70 MP: 15/15
  6972 | D:6      | You fall through a shaft!
  7627 | D:6      | Gained mutation: Your mind is acute. (Int +2) [potion of beneficial mutation]
  7628 | D:6      | Gained mutation: Your natural rate of healing is unusually fast. [potion of beneficial mutation]
  7691 | D:6      | Reached skill level 9 in Invocations
  8326 | D:7      | Found a deep blue altar of Sif Muna.
  8328 | D:7      | Found an opulent altar of Gozag.
  8397 | D:7      | Got a polished falchion
  8398 | D:7      | Identified the +3 falchion "Worm's Wrath" {pain, MP+9 Dex+3 Stlth+} (You found it on level 7 of the Dungeon)
  8424 | D:7      | Found a bloodstained altar of Trog.
  8729 | D:7      | Found a shadowy altar of Dithmenos.
  8730 | D:7      | Found a burning altar of Makhleb.
  9079 | D:8      | Reached skill level 10 in Invocations
  9182 | D:8      | Reached skill level 5 in Armour
  9639 | D:7      | Found a white marble altar of Elyvilon.
  9639 | D:7      | Found a glowing silver altar of Zin.
  9743 | D:8      | Gained mutation: You regenerate a little health from kills. [demonic ancestry]
  9743 | D:8      | Reached XP level 10. HP: 75/78 MP: 17/17
  9839 | D:9      | Found Heigg's Assorted Antiques.
  9847 | D:9      | Bought a scroll labeled UMYPRU ESAHUK for 27 gold pieces
  9847 | D:9      | Bought a scroll labeled PEYSAHE ANEA for 27 gold pieces
  9944 | D:9      | Reached skill level 5 in Dodging
 10031 | D:9      | Found Zioss's Weapon Boutique.
 10179 | D:9      | Reached ***** piety under Lugonu
 10319 | D:9      | Found Geasell's Assorted Antiques.
 10504 | D:10     | Entered Level 10 of the Dungeon
 10517 | D:10     | Noticed a hill giant
 10537 | D:10     | Killed a hill giant
 10586 | D:10     | Noticed a tengu warrior
 10624 | D:10     | Banished a tengu warrior
 10624 | D:10     | Reached skill level 11 in Invocations
 10668 | D:10     | Noticed Grum
 10715 | D:10     | Corrupted D:10
 10715 | D:10     | Noticed a thrashing horror
 10715 | D:10     | Noticed a rakshasa
 10715 | D:10     | Noticed a thrashing horror
 10715 | D:10     | Noticed an apocalypse crab
 10715 | D:10     | Noticed a large abomination
 10715 | D:10     | Noticed a rust devil
 10715 | D:10     | Noticed a tentacled starspawn
 10715 | D:10     | Noticed a large abomination
 10715 | D:10     | Noticed a thrashing horror
 10719 | D:10     | Killed Grum
 10724 | D:10     | Noticed a starcursed mass
 10796 | D:10     | Noticed a large abomination
 10897 | D:10     | Noticed a hill giant
 10910 | D:10     | Banished a hill giant
 11061 | D:10     | Learned a level 2 spell: Repel Missiles
 11220 | D:10     | Found a staircase to the Orcish Mines.
 11301 | D:10     | Gained mutation: You have claws for feet. [mutagenic meat]
 11319 | D:10     | Reached skill level 1 in Air Magic
 11347 | D:10     | Noticed a cyclops
 11371 | D:10     | Killed a cyclops
 11371 | D:10     | Reached skill level 1 in Spellcasting
 11735 | D:10     | Found a staircase to the Lair.
 11740 | Lair:1   | Entered Level 1 of the Lair of Beasts
 11887 | Lair:1   | Noticed Gastronok
 11893 | Lair:1   | You fall through a shaft!
 12060 | Lair:2   | Gained mutation: You regenerate health from kills. [demonic ancestry]
 12060 | Lair:2   | Reached XP level 11. HP: 82/86 MP: 19/19
 12221 | Lair:1   | HP: 4/86 [poisoned by a water moccasin]
 12221 | Lair:1   | Killed from afar by Gastronok

Skill      XL: |  1  2  3  4  5  6  7  8  9 10 11 |
---------------+----------------------------------+-----
Dodging        | 1 2 3 4 5 |  5.8
Long Blades    | 2 3 4 5 7 8 |  8.7
Invocations    | 3 4 6 7 8 10 11 | 11.3
Armour         | 2 3 4 5 6 |  6.5
Fighting       | 4 5 6 7 |  7.1
Air Magic      | 1 2 |  2.1
Spellcasting   | 1 |  1.4

Action                   |  1- 3 |  4- 6 |  7- 9 | 10-12 || total
-------------------------+-------+-------+-------+-------++-------
Melee: Falchion          |    51 |       |    20 |       ||    71
       Short sword       |    51 |   147 |   196 |   427 ||   821
       Kick              |     5 |    30 |   174 |   144 ||   353
       Long sword        |       |       |   390 |       ||   390
       Scimitar          |       |       |       |    50 ||    50
Invok: Depart the Abyss  |     1 |       |       |       ||     1
       Banish            |       |     1 |     3 |     2 ||     6
       Bend Space        |       |       |     4 |     1 ||     5
       Corrupt           |       |       |       |     1 ||     1
  Use: Scroll            |       |     3 |    15 |     2 ||    20
       Potion            |       |       |     2 |       ||     2
 Stab: Sleeping          |     2 |       |       |       ||     2
       Distracted        |       |       |       |     1 ||     1
  Eat: Chunk             |     1 |     7 |    16 |    11 ||    35
       Royal jelly       |       |     1 |       |       ||     1
       Meat ration       |       |       |     1 |       ||     1
Armor: Leather armour    |    15 |       |       |       ||    15
       Robe              |    10 |     4 |       |       ||    14
       Scale mail        |       |    55 |   279 |       ||   334
       Chain mail        |       |       |   108 |       ||   108
       Plate armour      |       |       |     5 |   353 ||   358
Dodge: Dodged            |    81 |    67 |   399 |   173 ||   720
